Maple Leafs vs Ducks

Created - 1 novembre 2017 at 15:55

Goals
1 2 3 OT1 T
Maple Leafs 2 1 1 1 5
Ducks 1 2 1 0 4
Shots
1 2 3 OT1 T
Maple Leafs 9 15 12 1 37
Ducks 15 7 6 1 29

1st period

1. Maple Leafs , Michael Grabner 5 (Tom Walsh 7, Kevin Bieksa 9) at 4:00
2. Ducks , Charles Linglet 1 (Ryan Johansen 4, Adam Taylor 6) at 10:25
3. Maple Leafs , Roman Josi 4 (Nazem Kadri 6, Pierre-Marc Bouchard 4) at 16:40 (PP)

Penalties :
Craig Weller (ANA) for Hooking (Minor) at 16:21, Kevin Bieksa (TOR) for Slashing (Minor) at 17:32

2nd period

4. Maple Leafs , Shawn Weller 3 (Brandon Yip 1, Kevin Bieksa 10) at 1:20
5. Ducks , Mike Richards 5 (Raphael Diaz 5) at 17:56
6. Ducks , Petteri Wirtanen 2 (Raphael Diaz 6, Marcus Johansson 1) at 19:50

Penalties :
Raphael Diaz (ANA) for High sticking (Minor) at 7:26, Ryane Clowe (ANA) for Hooking (Minor) at 9:39, Zach Dalpe (TOR) for Tripping (Minor) at 11:47, Adam Taylor (ANA) for Interference (Minor) at 15:32

3rd period

7. Maple Leafs , Nazem Kadri 5 (Kevin Bieksa 11) at 3:53
8. Ducks , Petteri Wirtanen 3 (Ryan Johansen 5, Mike Richards 7) at 19:44

Penalties :
Dan Girardi (ANA) for Holding Stick (Minor) at 4:56, Riley Armstrong (TOR) for Roughing (Minor) at 4:56, Oleg Kvasha (TOR) for Holding (Minor) at 14:16, Petteri Wirtanen (ANA) for Hooking (Minor) at 17:38

Overtime #1

9. Maple Leafs , Ryan O'Reilly 6 (Riley Armstrong 2, Kevin Bieksa 12) at 0:53

Penalties :
No Penalty

Goalie Stats

Robert Esche (TOR), 25 saves from 29 shots - (0,862), W, 3-1-0, 60:54 minutes
Jonathan Boutin (ANA), 32 saves from 37 shots - (0,865), OTL, 5-3-1, 60:50 minutes

Players Stats for Maple Leafs

Player Name              G  A  P  +/- PIM S  H  SB GA TA FO     MP     PP MP  PK MP  
------------------------------------------------------------------------------------
Brandon Rogers           0  0  0  -1  0   2  2  0  0  0  0/0    19:33   3:34   0:00 
Brandon Yip              0  1  1   2  0   2  1  0  0  0  0/0    15:57   4:17   0:00 
Chris Phillips           0  0  0  -2  0   1  1  1  0  0  0/0    17:42   0:00   3:17 
Kevin Bieksa             0  4  4   3  2   2  4  0  0  0  0/0    21:44   3:58   2:09 
Michael Del Zotto        0  0  0  -3  0   1  2  3  0  0  0/0    19:51   0:32   3:36 
Michael Grabner          1  0  1  -1  0   7  0  0  0  0  0/1    19:48   4:17   0:31 
Nazem Kadri              1  1  2   2  0   5  1  0  0  0  10/16  19:33   3:58   3:55 
Oleg Kvasha              0  0  0  -1  2   1  2  0  0  0  0/1     9:10   0:00   1:18 
Pierre-Marc Bouchard     0  1  1  -2  0   1  0  0  0  0  8/9    16:58   3:58   0:14 
Riley Armstrong          0  1  1   0  2   0  0  0  0  0  1/1    15:38   3:58   0:00 
Roman Josi               1  0  1  -1  0   7  0  0  0  0  0/0    23:40   4:09   2:52 
Ryan O'Reilly            1  0  1   0  0   3  0  0  0  0  19/34  20:53   4:17   2:02 
Shawn Weller             1  0  1   2  0   2  1  0  0  0  1/3    15:34   0:00   3:54 
Tanner Pearson           0  0  0  -1  0   0  1  0  0  0  0/0     7:53   0:00   0:00 
Tom Walsh                0  1  1   3  0   2  0  0  0  0  0/0    18:23   4:17   0:00 
Vincent Trocheck         0  0  0  -1  0   0  1  0  0  0  8/16   11:31   0:00   0:00 
William Nylander         0  0  0   0  0   0  2  0  0  0  0/0    12:38   0:00   0:00 
Zach Dalpe               0  0  0  -1  2   1  0  0  0  0  3/8     8:16   0:00   0:00 

Players Stats for Ducks

Player Name              G  A  P  +/- PIM S  H  SB GA TA FO     MP     PP MP  PK MP  
------------------------------------------------------------------------------------
Adam Taylor              0  1  1   1  2   4  0  1  0  0  0/0    13:34   2:22   0:00 
Alexandre R. Picard      0  0  0   2  0   0  2  0  0  0  0/0    18:06   2:40   0:00 
Bill Thomas              0  0  0  -2  0   0  0  0  0  0  1/1    12:58   0:00   0:00 
Brooks Laich             0  0  0   1  0   0  0  2  0  0  4/8    15:20   0:00   2:52 
Charles Linglet          1  0  1   1  0   4  1  0  0  0  0/1    17:40   3:35   2:52 
Christopher Tanev        0  0  0  -2  0   2  0  2  0  0  0/0    21:10   0:00   4:29 
Craig Weller             0  0  0   0  2   0  7  0  0  0  0/0    16:42   3:17   0:00 
Dan Girardi              0  0  0  -1  2   1  1  2  0  0  0/0    19:54   0:00   4:33 
Jiri Hudler              0  0  0  -1  0   0  0  0  0  0  4/9    12:53   0:00   4:46 
Justin Braun             0  0  0   0  0   2  1  0  0  0  0/0    22:19   2:40   4:24 
Marcus Johansson         0  1  1   1  0   2  0  1  0  0  0/0    12:28   0:00   0:00 
Mike Richards            1  1  2   0  0   2  0  1  0  0  11/19  17:10   3:35   0:00 
Nick Spaling             0  0  0  -1  0   1  2  0  0  0  3/12   15:19   0:00   5:23 
Nicklas Bergfors         0  0  0  -1  0   1  0  0  0  0  0/0     8:07   0:00   0:00 
Petteri Wirtanen         2  0  2   2  2   6  4  0  0  0  7/21   14:56   2:22   0:00 
Raphael Diaz             0  2  2   2  2   0  1  2  0  0  0/0    22:40   3:17   3:04 
Ryan Johansen            0  2  2   1  0   1  0  0  0  0  9/18   16:14   3:35   0:00 
Ryane Clowe              0  0  0  -1  2   3  1  0  0  0  0/0    14:52   2:22   0:37 

3 Stars

1 - Kevin Bieksa (TOR)
2 - Petteri Wirtanen (ANA)
3 - Nazem Kadri (TOR)

Power Play

Maple Leafs - 1 on 5 Attempt(s) - 20,00%
Ducks - 0 on 3 Attempt(s) - 0,00%

Penalty Kill

Maple Leafs - 3 on 3 Attempt(s) - 100,00% - Score 0 goal in Penalty Kill
Ducks - 4 on 5 Attempt(s) - 80,00% - Score 0 goal in Penalty Kill

Team Stat

Maple Leafs - Hits : 18 - Faceoff Wins : 50 - Blocked Shots : 4 - Penalty Minutes : 8
Ducks - Hits : 20 - Faceoff Wins : 39 - Blocked Shots : 11 - Penalty Minutes : 12

Official

Referees : Jamie Koharski and Brad Meier
Linesman : Jeremy Lovett and Mark Wheler

Game Notes

No Game Note

Finance

Level 1 -- Attendance: 6000 (100,00%) -- Ticket Income 660 000 $
Level 2 -- Attendance: 5000 (100,00%) -- Ticket Income 375 000 $
Level 3 -- Attendance: 1734 (86,70%) -- Ticket Income 100 572 $
Level 4 -- Attendance: 3948 (98,70%) -- Ticket Income 118 440 $
Luxury Box -- Attendance: 1000 (100,00%) -- Ticket Income 280 000 $
Game was played at the The Arrowhead Pond of Anaheim.
Total Attendance: 17682 (98,23%)
Total Ticket Income: 1 534 012 $
Other Income: 751 666 $
Total Income: 2 285 678 $

Maple Leafs

5 vs 5 Forward 
   Center                   Left Wing                Right Wing               Time % Phy DF OF 
 1 Ryan O'Reilly            William Nylander         Michael Grabner          29     1   2  2  
 2 Nazem Kadri              Shawn Weller             Brandon Yip              29     1   2  2  
 3 Vincent Trocheck         Riley Armstrong          Pierre-Marc Bouchard     26     1   2  2  
 4 Zach Dalpe               Tanner Pearson           Oleg Kvasha              16     1   3  1  

5 vs 5 Defense 
   Defense                  Defense                                           Time % Phy DF OF 
 1 Kevin Bieksa             Tom Walsh                                         34     1   2  2  
 2 Michael Del Zotto        Chris Phillips                                    33     1   2  2  
 3 Roman Josi               Brandon Rogers                                    33     1   2  2  
 4 Kevin Bieksa             Michael Del Zotto                                 0      1   2  2  

PowerPlay Forward 
   Center                   Left Wing                Right Wing               Time % Phy DF OF 
 1 Ryan O'Reilly            Michael Grabner          Brandon Yip              50     1   0  4  
 2 Pierre-Marc Bouchard     Riley Armstrong          Nazem Kadri              50     1   0  4  

PowerPlay Defense
   Defense                  Defense                                           Time % Phy DF OF 
 1 Brandon Rogers           Kevin Bieksa                                      50     1   1  3  
 2 Roman Josi               Tom Walsh                                         50     1   1  3  

Penalty Kill 4 Players Forward 
   Center                   Wing                     Time % Phy DF OF 
 1 Nazem Kadri              Shawn Weller             60     1   3  1  
 2 Ryan O'Reilly            Oleg Kvasha              40     1   3  1  

Penalty Kill 4 Players Defense
   Defense                  Defense                  Time % Phy DF OF 
 1 Michael Del Zotto        Kevin Bieksa             50     1   4  0  
 2 Chris Phillips           Roman Josi               50     1   4  0  

Penalty Kill - 3 Players Forward 
   Forward                                           Time % Phy DF OF 
 1 Zach Dalpe                                        60     1   2  2  
 2 William Nylander                                  40     1   2  2  

Penalty Kill - 3 Players Defense
   Defense                  Defense                  Time % Phy DF OF 
 1 Michael Del Zotto        Kevin Bieksa             60     1   2  2  
 2 Roman Josi               Chris Phillips           40     1   2  2  

4 vs 4 Forward 
   Center                   Wing                     Time % Phy DF OF 
 1 Ryan O'Reilly            Michael Grabner          60     1   2  2  
 2 Zach Dalpe               Pierre-Marc Bouchard     40     1   2  2  

4 vs 4 Defense
   Defense                  Defense                  Time % Phy DF OF 
 1 Kevin Bieksa             Michael Del Zotto        50     1   2  2  
 2 Brandon Rogers           Roman Josi               50     1   2  2  

Last Minutes Offensive
   Center                   Left Wing                Right Wing               Defense                  Defense                  
   Ryan O'Reilly            Brandon Yip              Michael Grabner          Brandon Rogers           Roman Josi               

Last Minutes Defensive
   Center                   Left Wing                Right Wing               Defense                  Defense                  
   Ryan O'Reilly            Michael Grabner          Pierre-Marc Bouchard     Kevin Bieksa             Michael Del Zotto        

Goaltenders
Starting : Robert Esche             
Backup : Corey Crawford           

Extra Forwards
Normal : Brandon Yip, Michael Grabner, Ryan O'Reilly - PP : Michael Grabner, Brandon Yip - PK : Michael Grabner
Extra Defensemen
Normal : Michael Del Zotto, Kevin Bieksa, Roman Josi - PP : Michael Del Zotto - PK : Chris Phillips, Kevin Bieksa
Penalty Shots
Nazem Kadri, Michael Grabner, Brandon Yip, Ryan O'Reilly, Riley Armstrong
Custom OT Lines Forwards
Pierre-Marc Bouchard, Ryan O'Reilly, Michael Grabner, Riley Armstrong, Shawn Weller, Zach Dalpe, William Nylander, Nazem Kadri, Oleg Kvasha, Brandon Yip
Custom OT Lines Defensemen
Kevin Bieksa, Roman Josi, Chris Phillips, Michael Del Zotto, Brandon Rogers

Scratches
None

Ducks

5 vs 5 Forward 
   Center                   Left Wing                Right Wing               Time % Phy DF OF 
 1 Mike Richards            Ryane Clowe              Bill Thomas              29     0   2  3  
 2 Ryan Johansen            Charles Linglet          Adam Taylor              28     0   2  3  
 3 Petteri Wirtanen         Brooks Laich             Marcus Johansson         26     0   3  2  
 4 Nick Spaling             Jiri Hudler              Nicklas Bergfors         17     0   4  1  

5 vs 5 Defense 
   Defense                  Defense                                           Time % Phy DF OF 
 1 Raphael Diaz             Alexandre R. Picard                               35     0   2  3  
 2 Dan Girardi              Christopher Tanev                                 35     0   2  3  
 3 Craig Weller             Justin Braun                                      30     0   3  2  
 4 Justin Braun             Craig Weller                                      0      0   3  2  

PowerPlay Forward 
   Center                   Left Wing                Right Wing               Time % Phy DF OF 
 1 Mike Richards            Charles Linglet          Ryan Johansen            55     0   0  5  
 2 Petteri Wirtanen         Ryane Clowe              Adam Taylor              45     0   0  5  

PowerPlay Defense
   Defense                  Defense                                           Time % Phy DF OF 
 1 Raphael Diaz             Craig Weller                                      55     0   0  5  
 2 Alexandre R. Picard      Justin Braun                                      45     0   0  5  

Penalty Kill 4 Players Forward 
   Center                   Wing                     Time % Phy DF OF 
 1 Jiri Hudler              Nick Spaling             60     0   5  0  
 2 Brooks Laich             Charles Linglet          40     0   5  0  

Penalty Kill 4 Players Defense
   Defense                  Defense                  Time % Phy DF OF 
 1 Christopher Tanev        Justin Braun             60     0   5  0  
 2 Dan Girardi              Raphael Diaz             40     0   5  0  

Penalty Kill - 3 Players Forward 
   Forward                                           Time % Phy DF OF 
 1 Jiri Hudler                                       60     0   5  0  
 2 Nick Spaling                                      40     0   5  0  

Penalty Kill - 3 Players Defense
   Defense                  Defense                  Time % Phy DF OF 
 1 Justin Braun             Christopher Tanev        60     0   5  0  
 2 Dan Girardi              Raphael Diaz             40     0   5  0  

4 vs 4 Forward 
   Center                   Wing                     Time % Phy DF OF 
 1 Ryan Johansen            Nick Spaling             55     0   4  1  
 2 Mike Richards            Bill Thomas              45     0   4  1  

4 vs 4 Defense
   Defense                  Defense                  Time % Phy DF OF 
 1 Christopher Tanev        Justin Braun             55     0   4  1  
 2 Dan Girardi              Raphael Diaz             45     0   4  1  

Last Minutes Offensive
   Center                   Left Wing                Right Wing               Defense                  Defense                  
   Petteri Wirtanen         Mike Richards            Ryan Johansen            Alexandre R. Picard      Raphael Diaz             

Last Minutes Defensive
   Center                   Left Wing                Right Wing               Defense                  Defense                  
   Nick Spaling             Mike Richards            Craig Weller             Dan Girardi              Christopher Tanev        

Goaltenders
Starting : Jonathan Boutin          
Backup : Adam Dennis              

Extra Forwards
Normal : Adam Taylor, Ryan Johansen, Ryane Clowe - PP : Ryan Johansen, Ryane Clowe - PK : Ryane Clowe
Extra Defensemen
Normal : Justin Braun, Christopher Tanev, Craig Weller - PP : Craig Weller - PK : Dan Girardi, Justin Braun
Penalty Shots
Mike Richards, Ryan Johansen, Adam Taylor, Jiri Hudler, Petteri Wirtanen
Custom OT Lines Forwards
Ryan Johansen, Nick Spaling, Mike Richards, Bill Thomas, Petteri Wirtanen, Adam Taylor, Ryane Clowe, Craig Weller, Charles Linglet, Nicklas Bergfors
Custom OT Lines Defensemen
Justin Braun, Christopher Tanev, Raphael Diaz, Dan Girardi, Alexandre R. Picard

Scratches
Tomas Plihal (Healthy), Brady Murray (Healthy), Bryan Allen (Healthy)

% Time on Ice - Maple Leafs

Lines # - Real PCT - Wanted PCT - Time Play
Normal Forward
1 - 29% - 29% - 12:38
2 - 27% - 29% - 11:40
3 - 26% - 26% - 11:31
4 - 18% - 16% - 7:53
Normal Defense
1 - 32% - 34% - 14:06
2 - 33% - 33% - 14:25
3 - 34% - 33% - 14:55
4 - 1% - 0% - 0:16
PP Forward
1 - 52% - 50% - 4:17
2 - 48% - 50% - 3:58
PP Defense
1 - 48% - 50% - 3:58
2 - 52% - 50% - 4:17
PK Forward
1 - 66% - 60% - 3:55
2 - 34% - 40% - 2:02
PK Defense
1 - 61% - 50% - 3:36
2 - 39% - 50% - 2:21
PK3 Forward
1 - 0% - 60%
2 - 0% - 40%
PK3 Defense
1 - 0% - 60%
2 - 0% - 40%
44 Forward
1 - 80% - 60% - 1:35
2 - 20% - 40% - 0:24
44 Defense
1 - 46% - 50% - 0:55
2 - 54% - 50% - 1:04
Last Minute Offensive  - 0:00
Last Minute Defensive  - 0:07
Total
Forward - 60:00
Defense - 60:00

% Time on Ice - Ducks

Lines # - Real PCT - Wanted PCT - Time Play
Normal Forward
1 - 27% - 29% - 11:54
2 - 26% - 28% - 11:13
3 - 29% - 26% - 12:28
4 - 19% - 17% - 8:07
Normal Defense
1 - 35% - 35% - 15:19
2 - 35% - 35% - 15:22
3 - 28% - 30% - 12:05
4 - 2% - 0% - 0:56
PP Forward
1 - 60% - 55% - 3:35
2 - 40% - 45% - 2:22
PP Defense
1 - 55% - 55% - 3:17
2 - 45% - 45% - 2:40
PK Forward
1 - 65% - 60% - 5:23
2 - 35% - 40% - 2:52
PK Defense
1 - 45% - 60% - 3:42
2 - 55% - 40% - 4:33
PK3 Forward
1 - 0% - 60%
2 - 0% - 40%
PK3 Defense
1 - 0% - 60%
2 - 0% - 40%
44 Forward
1 - 55% - 55% - 1:05
2 - 45% - 45% - 0:54
44 Defense
1 - 34% - 55% - 0:40
2 - 66% - 45% - 1:19
Last Minute Offensive  - 0:07
Last Minute Defensive  - 0:00
Total
Forward - 60:00
Defense - 60:00

Play by Play

1st period


0:01 of 1st period - Mike Richards wins face-off versus Ryan O'Reilly in neutral zone.
0:23 of 1st period - William Nylander is hit by Raphael Diaz and loses puck.
1:10 of 1st period - Shot by Brandon Yip.
1:10 of 1st period - Stopped by Jonathan Boutin with a rebound.
1:30 of 1st period - Shot by Nazem Kadri.
1:30 of 1st period - Deflect By Shawn Weller.
1:30 of 1st period - Stopped by Jonathan Boutin with a rebound.
1:46 of 1st period - Shot by Christopher Tanev.
1:46 of 1st period - Stopped by Robert Esche without a rebound.
1:47 of 1st period - Brooks Laich wins face-off versus Vincent Trocheck in Maple Leafs zone.
1:56 of 1st period - Shot by Petteri Wirtanen.
1:56 of 1st period - Stopped by Robert Esche without a rebound.
1:57 of 1st period - Zach Dalpe wins face-off versus Nick Spaling in Maple Leafs zone.
2:12 of 1st period - Shot by Roman Josi.
2:12 of 1st period - Stopped by Jonathan Boutin without a rebound.
2:13 of 1st period - Petteri Wirtanen wins face-off versus Vincent Trocheck in Ducks zone.
2:26 of 1st period - Shot by Petteri Wirtanen.
2:26 of 1st period - Deflect By Marcus Johansson.
2:26 of 1st period - Stopped by Robert Esche without a rebound.
2:27 of 1st period - Ryan Johansen wins face-off versus Zach Dalpe in Maple Leafs zone.
3:02 of 1st period - Shot by Oleg Kvasha.
3:02 of 1st period - Stopped by Jonathan Boutin without a rebound.
3:03 of 1st period - Vincent Trocheck wins face-off versus Petteri Wirtanen in Ducks zone.
3:22 of 1st period - Shot by Petteri Wirtanen.
3:22 of 1st period - Stopped by Robert Esche without a rebound.
3:23 of 1st period - Ryan O'Reilly wins face-off versus Nick Spaling in Maple Leafs zone.
4:00 of 1st period - Shot by Michael Grabner.
4:00 of 1st period - Goal by Michael Grabner - Maple Leafs : 1 - Ducks : 0.
4:01 of 1st period - Vincent Trocheck wins face-off versus Petteri Wirtanen in neutral zone.
4:18 of 1st period - Shot by Pierre-Marc Bouchard.
4:18 of 1st period - Shot Blocked by Dan Girardi.
4:20 of 1st period - Shot by Brandon Rogers.
4:20 of 1st period - Stopped by Jonathan Boutin without a rebound.
4:21 of 1st period - Nazem Kadri wins face-off versus Ryan Johansen in Ducks zone.
5:23 of 1st period - Justin Braun is hit by Brandon Rogers and loses puck.
5:32 of 1st period - Shot by Roman Josi.
5:32 of 1st period - Shot Misses the Net.
5:38 of 1st period - Shot by Riley Armstrong.
5:38 of 1st period - Shot Blocked by Adam Taylor.
5:40 of 1st period - Shot by Roman Josi.
5:40 of 1st period - Stopped by Jonathan Boutin without a rebound.
5:41 of 1st period - Ryan O'Reilly wins face-off versus Petteri Wirtanen in Ducks zone.
6:18 of 1st period - Shot by Tom Walsh.
6:18 of 1st period - Shot Misses the Net.
6:24 of 1st period - Shot by William Nylander.
6:24 of 1st period - Shot Blocked by Christopher Tanev.
6:48 of 1st period - Icing by Raphael Diaz.
6:49 of 1st period - Mike Richards wins face-off versus Shawn Weller in Ducks zone.
7:15 of 1st period - Shot by Ryane Clowe.
7:15 of 1st period - Stopped by Robert Esche without a rebound.
7:16 of 1st period - Vincent Trocheck wins face-off versus Nick Spaling in Maple Leafs zone.
9:13 of 1st period - Shawn Weller is hit by Petteri Wirtanen and loses puck.
9:26 of 1st period - Shot by Shawn Weller.
9:26 of 1st period - Shot Blocked by Raphael Diaz.
9:44 of 1st period - Shot by Marcus Johansson.
9:44 of 1st period - Stopped by Robert Esche without a rebound.
9:45 of 1st period - Vincent Trocheck wins face-off versus Ryan Johansen in Maple Leafs zone.
9:49 of 1st period - Off-side.
9:50 of 1st period - Ryan Johansen wins face-off versus Ryan O'Reilly in neutral zone.
10:25 of 1st period - Shot by Charles Linglet.
10:25 of 1st period - Goal by Charles Linglet - Maple Leafs : 1 - Ducks : 1.
10:26 of 1st period - Mike Richards wins face-off versus Vincent Trocheck in neutral zone.
10:59 of 1st period - Off-side.
11:00 of 1st period - Petteri Wirtanen wins face-off versus Nazem Kadri in neutral zone.
11:00 of 1st period - Raphael Diaz is hit by Shawn Weller and loses puck.
11:06 of 1st period - Raphael Diaz is hit by Kevin Bieksa and loses puck.
11:34 of 1st period - Shot by Petteri Wirtanen.
11:34 of 1st period - Stopped by Robert Esche without a rebound.
11:35 of 1st period - Ryan Johansen wins face-off versus Zach Dalpe in Maple Leafs zone.
11:36 of 1st period - Shot by Christopher Tanev.
11:36 of 1st period - Shot Misses the Net.
11:38 of 1st period - Shot by Dan Girardi.
11:38 of 1st period - Stopped by Robert Esche without a rebound.
11:39 of 1st period - Ryan Johansen wins face-off versus Zach Dalpe in Maple Leafs zone.
11:39 of 1st period - Ryan Johansen is hit by Michael Del Zotto.
12:00 of 1st period - Off-side.
12:01 of 1st period - Ryan O'Reilly wins face-off versus Nick Spaling in neutral zone.
12:04 of 1st period - Jiri Hudler is hit by William Nylander and loses puck.
14:16 of 1st period - Shot by Charles Linglet.
14:16 of 1st period - Stopped by Robert Esche with a rebound.
14:41 of 1st period - Shot by Craig Weller.
14:41 of 1st period - Shot Misses the Net.
14:43 of 1st period - Shot by Charles Linglet.
14:43 of 1st period - Shot Misses the Net.
15:03 of 1st period - Roman Josi is hit by Petteri Wirtanen and loses puck.
15:31 of 1st period - Christopher Tanev is hit by Tanner Pearson and loses puck.
15:59 of 1st period - Icing by Kevin Bieksa.
16:00 of 1st period - Ryan O'Reilly wins face-off versus Mike Richards in Maple Leafs zone.
16:00 of 1st period - Ryan O'Reilly is hit by Ryane Clowe.
16:19 of 1st period - Ryan O'Reilly is hit by Craig Weller and loses puck.
16:21 of 1st period - Minor Penalty to Craig Weller for Hooking.
16:22 of 1st period - Pierre-Marc Bouchard wins face-off versus Jiri Hudler in Ducks zone.
16:38 of 1st period - Shot by Nazem Kadri.
16:38 of 1st period - Stopped by Jonathan Boutin with a rebound.
16:40 of 1st period - Shot by Roman Josi.
16:40 of 1st period - Goal by Roman Josi - Maple Leafs : 2 - Ducks : 1.
16:41 of 1st period - Ryan Johansen wins face-off versus Ryan O'Reilly in neutral zone.
16:44 of 1st period - Shot by Charles Linglet.
16:44 of 1st period - Shot Misses the Net.
16:56 of 1st period - Shot by Adam Taylor.
16:56 of 1st period - Stopped by Robert Esche without a rebound.
16:57 of 1st period - Vincent Trocheck wins face-off versus Petteri Wirtanen in Maple Leafs zone.
17:16 of 1st period - Vincent Trocheck is hit by Petteri Wirtanen and loses puck.
17:21 of 1st period - Shot by Petteri Wirtanen.
17:21 of 1st period - Shot Misses the Net.
17:23 of 1st period - Shot by Christopher Tanev.
17:23 of 1st period - Stopped by Robert Esche without a rebound.
17:24 of 1st period - Ryan Johansen wins face-off versus Shawn Weller in Maple Leafs zone.
17:28 of 1st period - Charles Linglet is hit by Kevin Bieksa and loses puck.
17:32 of 1st period - Minor Penalty to Kevin Bieksa for Slashing.
17:33 of 1st period - Nazem Kadri wins face-off versus Mike Richards in Maple Leafs zone.
17:53 of 1st period - Icing by Mike Richards.
17:54 of 1st period - Nazem Kadri wins face-off versus Mike Richards in Ducks zone.
18:10 of 1st period - Shot by Charles Linglet.
18:10 of 1st period - Stopped by Robert Esche without a rebound.
18:11 of 1st period - Nazem Kadri wins face-off versus Petteri Wirtanen in Maple Leafs zone.
18:11 of 1st period - Nazem Kadri is hit by Petteri Wirtanen.
18:39 of 1st period - Shot by Ryane Clowe.
18:39 of 1st period - Shot Misses the Net.
18:41 of 1st period - Shot by Adam Taylor.
18:41 of 1st period - Shot Misses the Net.
18:45 of 1st period - Shot by Justin Braun.
18:45 of 1st period - Stopped by Robert Esche without a rebound.
18:46 of 1st period - Ryan O'Reilly wins face-off versus Mike Richards in Maple Leafs zone.
18:46 of 1st period - Ryan O'Reilly is hit by Charles Linglet.
18:52 of 1st period - Raphael Diaz is hit by Oleg Kvasha and loses puck.
19:08 of 1st period - Shot by Ryan Johansen.
19:08 of 1st period - Stopped by Robert Esche with a rebound.
19:38 of 1st period - Christopher Tanev is hit by Vincent Trocheck and loses puck.
19:49 of 1st period - Shot by Vincent Trocheck.
19:49 of 1st period - Shot Misses the Net.
Goals for this period are 2 for Maple Leafs vs 1 for Ducks.
Shots for this period are 9 for Maple Leafs vs 15 for Ducks.

2nd period


0:01 of 2nd period - Ryan O'Reilly wins face-off versus Charles Linglet in neutral zone.
0:07 of 2nd period - Ryan Johansen is hit by William Nylander and loses puck.
1:08 of 2nd period - Nazem Kadri is hit by Craig Weller.
1:20 of 2nd period - Shot by Shawn Weller.
1:20 of 2nd period - Goal by Shawn Weller - Maple Leafs : 3 - Ducks : 1.
1:21 of 2nd period - Nick Spaling wins face-off versus Vincent Trocheck in neutral zone.
1:30 of 2nd period - Shot by Jiri Hudler.
1:30 of 2nd period - Deflect By Nick Spaling.
1:30 of 2nd period - Shot Misses the Net.
2:08 of 2nd period - Icing by Brandon Rogers.
2:09 of 2nd period - Mike Richards wins face-off versus Vincent Trocheck in Maple Leafs zone.
2:16 of 2nd period - Shot by Ryane Clowe.
2:16 of 2nd period - Stopped by Robert Esche without a rebound.
2:17 of 2nd period - Nazem Kadri wins face-off versus Mike Richards in Maple Leafs zone.
2:21 of 2nd period - Off-side.
2:22 of 2nd period - Bill Thomas wins face-off versus Nazem Kadri in neutral zone.
3:45 of 2nd period - Shot by Charles Linglet.
3:45 of 2nd period - Stopped by Robert Esche without a rebound.
3:46 of 2nd period - Petteri Wirtanen wins face-off versus Zach Dalpe in Maple Leafs zone.
4:08 of 2nd period - Shot by Oleg Kvasha.
4:08 of 2nd period - Shot Blocked by Brooks Laich.
5:01 of 2nd period - Shot by Riley Armstrong.
5:01 of 2nd period - Shot Misses the Net.
5:39 of 2nd period - Shot by Ryane Clowe.
5:39 of 2nd period - Shot Blocked by Michael Del Zotto.
5:50 of 2nd period - Michael Del Zotto is hit by Alexandre R. Picard and loses puck.
7:02 of 2nd period - Shot by Michael Grabner.
7:02 of 2nd period - Stopped by Jonathan Boutin without a rebound.
7:03 of 2nd period - Zach Dalpe wins face-off versus Petteri Wirtanen in Ducks zone.
7:09 of 2nd period - Oleg Kvasha is hit by Craig Weller.
7:11 of 2nd period - Shot by Zach Dalpe.
7:11 of 2nd period - Stopped by Jonathan Boutin without a rebound.
7:12 of 2nd period - Vincent Trocheck wins face-off versus Petteri Wirtanen in Ducks zone.
7:13 of 2nd period - Shot by Pierre-Marc Bouchard.
7:13 of 2nd period - Shot Misses the Net.
7:15 of 2nd period - Shot by Kevin Bieksa.
7:15 of 2nd period - Stopped by Jonathan Boutin without a rebound.
7:16 of 2nd period - Pierre-Marc Bouchard wins face-off versus Ryan Johansen in Ducks zone.
7:26 of 2nd period - Minor Penalty to Raphael Diaz for High sticking.
7:27 of 2nd period - Riley Armstrong wins face-off versus Jiri Hudler in Ducks zone.
7:28 of 2nd period - Shot by Brandon Rogers.
7:28 of 2nd period - Shot Misses the Net.
8:09 of 2nd period - Shot by Kevin Bieksa.
8:09 of 2nd period - Stopped by Jonathan Boutin with a rebound.
8:33 of 2nd period - Shot by Roman Josi.
8:33 of 2nd period - Shot Misses the Net.
8:35 of 2nd period - Shot by Michael Grabner.
8:35 of 2nd period - Shot Misses the Net.
8:37 of 2nd period - Shot by Roman Josi.
8:37 of 2nd period - Shot Misses the Net.
8:39 of 2nd period - Shot by Roman Josi.
8:39 of 2nd period - Stopped by Jonathan Boutin without a rebound.
8:40 of 2nd period - Brooks Laich wins face-off versus Ryan O'Reilly in Ducks zone.
9:00 of 2nd period - Shot by Roman Josi.
9:00 of 2nd period - Stopped by Jonathan Boutin without a rebound.
9:01 of 2nd period - Pierre-Marc Bouchard wins face-off versus Brooks Laich in Ducks zone.
9:39 of 2nd period - Minor Penalty to Ryane Clowe for Hooking.
9:40 of 2nd period - Jiri Hudler wins face-off versus Ryan O'Reilly in Ducks zone.
9:40 of 2nd period - Jiri Hudler is hit by Brandon Yip.
10:04 of 2nd period - Shot by Roman Josi.
10:04 of 2nd period - Stopped by Jonathan Boutin with a rebound.
10:06 of 2nd period - Shot by Roman Josi.
10:06 of 2nd period - Stopped by Jonathan Boutin without a rebound.
10:07 of 2nd period - Pierre-Marc Bouchard wins face-off versus Brooks Laich in Ducks zone.
10:34 of 2nd period - Shot by Nazem Kadri.
10:34 of 2nd period - Stopped by Jonathan Boutin without a rebound.
10:35 of 2nd period - Jiri Hudler wins face-off versus Ryan O'Reilly in Ducks zone.
11:14 of 2nd period - Icing by Ryan O'Reilly.
11:15 of 2nd period - Brooks Laich wins face-off versus Ryan O'Reilly in Maple Leafs zone.
11:47 of 2nd period - Minor Penalty to Zach Dalpe for Tripping.
11:48 of 2nd period - Nazem Kadri wins face-off versus Petteri Wirtanen in Maple Leafs zone.
11:56 of 2nd period - Ryane Clowe is hit by Kevin Bieksa and loses puck.
11:59 of 2nd period - Shot by Raphael Diaz.
11:59 of 2nd period - Shot Misses the Net.
12:05 of 2nd period - Shot by Adam Taylor.
12:05 of 2nd period - Stopped by Robert Esche without a rebound.
12:06 of 2nd period - Mike Richards wins face-off versus Nazem Kadri in Maple Leafs zone.
12:38 of 2nd period - Mike Richards is hit by Chris Phillips and loses puck.
12:48 of 2nd period - Off-side.
12:49 of 2nd period - Petteri Wirtanen wins face-off versus Oleg Kvasha in neutral zone.
14:01 of 2nd period - Icing by Brandon Rogers.
14:02 of 2nd period - Nick Spaling wins face-off versus Vincent Trocheck in Maple Leafs zone.
14:03 of 2nd period - Shot by Nicklas Bergfors.
14:03 of 2nd period - Stopped by Robert Esche without a rebound.
14:04 of 2nd period - Nick Spaling wins face-off versus Vincent Trocheck in Maple Leafs zone.
14:09 of 2nd period - Shot by Jiri Hudler.
14:09 of 2nd period - Deflect By Nicklas Bergfors.
14:09 of 2nd period - Shot Blocked by Michael Del Zotto.
14:25 of 2nd period - Shot by Christopher Tanev.
14:25 of 2nd period - Shot Blocked by Chris Phillips.
14:45 of 2nd period - Shot by Christopher Tanev.
14:45 of 2nd period - Shot Misses the Net.
14:47 of 2nd period - Shot by Christopher Tanev.
14:47 of 2nd period - Shot Misses the Net.
15:07 of 2nd period - Shot by Petteri Wirtanen.
15:07 of 2nd period - Stopped by Robert Esche without a rebound.
15:08 of 2nd period - Ryan Johansen wins face-off versus Ryan O'Reilly in Maple Leafs zone.
15:32 of 2nd period - Minor Penalty to Adam Taylor for Interference.
15:33 of 2nd period - Jiri Hudler wins face-off versus Ryan O'Reilly in Ducks zone.
15:44 of 2nd period - Shot by Michael Grabner.
15:44 of 2nd period - Stopped by Jonathan Boutin without a rebound.
15:45 of 2nd period - Ryan O'Reilly wins face-off versus Jiri Hudler in Ducks zone.
15:53 of 2nd period - Icing by Michael Grabner.
15:54 of 2nd period - Ryan O'Reilly wins face-off versus Jiri Hudler in Maple Leafs zone.
16:03 of 2nd period - Shot by Roman Josi.
16:03 of 2nd period - Shot Misses the Net.
16:05 of 2nd period - Shot by Tom Walsh.
16:05 of 2nd period - Shot Misses the Net.
16:07 of 2nd period - Shot by Tom Walsh.
16:07 of 2nd period - Stopped by Jonathan Boutin without a rebound.
16:08 of 2nd period - Pierre-Marc Bouchard wins face-off versus Jiri Hudler in Ducks zone.
16:08 of 2nd period - Pierre-Marc Bouchard is hit by Dan Girardi.
16:48 of 2nd period - Charles Linglet is hit by Kevin Bieksa and loses puck.
17:23 of 2nd period - Shot by Michael Grabner.
17:23 of 2nd period - Shot Blocked by Christopher Tanev.
17:25 of 2nd period - Shot by Michael Grabner.
17:25 of 2nd period - Stopped by Jonathan Boutin without a rebound.
17:26 of 2nd period - Brooks Laich wins face-off versus Ryan O'Reilly in Ducks zone.
17:54 of 2nd period - Shot by Mike Richards.
17:54 of 2nd period - Shot Misses the Net.
17:56 of 2nd period - Shot by Mike Richards.
17:56 of 2nd period - Goal by Mike Richards - Maple Leafs : 3 - Ducks : 2.
17:57 of 2nd period - Ryan O'Reilly wins face-off versus Petteri Wirtanen in neutral zone.
18:02 of 2nd period - Shot by Ryan O'Reilly.
18:02 of 2nd period - Stopped by Jonathan Boutin without a rebound.
18:03 of 2nd period - Shawn Weller wins face-off versus Ryan Johansen in Ducks zone.
18:41 of 2nd period - Icing by Justin Braun.
18:42 of 2nd period - Ryan O'Reilly wins face-off versus Ryan Johansen in Ducks zone.
18:46 of 2nd period - Michael Grabner is hit by Craig Weller and loses puck.
19:06 of 2nd period - Off-side.
19:07 of 2nd period - Vincent Trocheck wins face-off versus Petteri Wirtanen in neutral zone.
19:14 of 2nd period - Shot by Chris Phillips.
19:14 of 2nd period - Stopped by Jonathan Boutin without a rebound.
19:15 of 2nd period - Vincent Trocheck wins face-off versus Petteri Wirtanen in Ducks zone.
19:43 of 2nd period - Marcus Johansson is hit by Brandon Rogers and loses puck.
19:50 of 2nd period - Shot by Petteri Wirtanen.
19:50 of 2nd period - Goal by Petteri Wirtanen - Maple Leafs : 3 - Ducks : 3.
19:51 of 2nd period - Nazem Kadri wins face-off versus Mike Richards in neutral zone.
Goals for this period are 1 for Maple Leafs vs 2 for Ducks.
Shots for this period are 15 for Maple Leafs vs 7 for Ducks.

3rd period


0:01 of 3rd period - Nazem Kadri wins face-off versus Mike Richards in neutral zone.
0:30 of 3rd period - Shot by Shawn Weller.
0:30 of 3rd period - Shot Misses the Net.
0:32 of 3rd period - Shot by Brandon Yip.
0:32 of 3rd period - Stopped by Jonathan Boutin without a rebound.
0:33 of 3rd period - Petteri Wirtanen wins face-off versus Ryan O'Reilly in Ducks zone.
1:04 of 3rd period - Shot by Michael Grabner.
1:04 of 3rd period - Shot Blocked by Marcus Johansson.
1:36 of 3rd period - Off-side.
1:37 of 3rd period - Ryan Johansen wins face-off versus Nazem Kadri in neutral zone.
2:45 of 3rd period - Shot by Mike Richards.
2:45 of 3rd period - Shot Misses the Net.
2:47 of 3rd period - Shot by Justin Braun.
2:47 of 3rd period - Stopped by Robert Esche without a rebound.
2:48 of 3rd period - Ryan O'Reilly wins face-off versus Nick Spaling in Maple Leafs zone.
2:48 of 3rd period - Ryan O'Reilly is hit by Nick Spaling.
3:04 of 3rd period - Shot by Jiri Hudler.
3:04 of 3rd period - Shot Misses the Net.
3:22 of 3rd period - Shot by Roman Josi.
3:22 of 3rd period - Shot Misses the Net.
3:29 of 3rd period - Ryan O'Reilly is hit by Craig Weller and loses puck.
3:39 of 3rd period - Icing by Roman Josi.
3:40 of 3rd period - Ryan O'Reilly wins face-off versus Mike Richards in Maple Leafs zone.
3:53 of 3rd period - Shot by Nazem Kadri.
3:53 of 3rd period - Goal by Nazem Kadri - Maple Leafs : 4 - Ducks : 3.
3:54 of 3rd period - Nazem Kadri wins face-off versus Petteri Wirtanen in neutral zone.
4:03 of 3rd period - Shot by Brandon Yip.
4:03 of 3rd period - Shot Misses the Net.
4:08 of 3rd period - Raphael Diaz is hit by Nazem Kadri and loses puck.
4:56 of 3rd period - Minor Penalty to Dan Girardi for Holding Stick.
4:56 of 3rd period - Minor Penalty to Riley Armstrong for Roughing.
4:57 of 3rd period - Ryan Johansen wins face-off versus Ryan O'Reilly in Ducks zone.
5:04 of 3rd period - Shot by Brandon Rogers.
5:04 of 3rd period - Stopped by Jonathan Boutin with a rebound.
5:17 of 3rd period - Icing by Roman Josi.
5:18 of 3rd period - Ryan O'Reilly wins face-off versus Ryan Johansen in Maple Leafs zone.
5:18 of 3rd period - Michael Grabner is hit by Nick Spaling and loses puck.
5:36 of 3rd period - Shot by Michael Grabner.
5:36 of 3rd period - Stopped by Jonathan Boutin without a rebound.
5:37 of 3rd period - Mike Richards wins face-off versus Ryan O'Reilly in Ducks zone.
5:50 of 3rd period - Shot by Mike Richards.
5:50 of 3rd period - Shot Misses the Net.
6:07 of 3rd period - Michael Grabner is hit by Justin Braun and loses puck.
6:42 of 3rd period - Shot by Pierre-Marc Bouchard.
6:42 of 3rd period - Stopped by Jonathan Boutin without a rebound.
6:43 of 3rd period - Ryan O'Reilly wins face-off versus Nick Spaling in Ducks zone.
6:58 of 3rd period - Shot by Ryan O'Reilly.
6:58 of 3rd period - Stopped by Jonathan Boutin without a rebound.
6:59 of 3rd period - Petteri Wirtanen wins face-off versus Nazem Kadri in Ducks zone.
8:20 of 3rd period - Shot by Ryane Clowe.
8:20 of 3rd period - Shot Misses the Net.
8:53 of 3rd period - Shot by Michael Grabner.
8:53 of 3rd period - Shot Blocked by Mike Richards.
10:02 of 3rd period - Roman Josi is hit by Craig Weller and loses puck.
10:29 of 3rd period - Dan Girardi is hit by Oleg Kvasha.
10:39 of 3rd period - Shot by Nick Spaling.
10:39 of 3rd period - Stopped by Robert Esche without a rebound.
10:40 of 3rd period - Nazem Kadri wins face-off versus Petteri Wirtanen in Maple Leafs zone.
11:09 of 3rd period - Shot by Nazem Kadri.
11:09 of 3rd period - Stopped by Jonathan Boutin without a rebound.
11:10 of 3rd period - Ryan O'Reilly wins face-off versus Nick Spaling in Ducks zone.
11:30 of 3rd period - Shot by Michael Grabner.
11:30 of 3rd period - Stopped by Jonathan Boutin without a rebound.
11:31 of 3rd period - Mike Richards wins face-off versus Vincent Trocheck in Ducks zone.
11:45 of 3rd period - Michael Del Zotto is hit by Craig Weller and loses puck.
12:10 of 3rd period - Shot by Ryane Clowe.
12:10 of 3rd period - Deflect By Mike Richards.
12:10 of 3rd period - Shot Misses the Net.
12:28 of 3rd period - Shot by Adam Taylor.
12:28 of 3rd period - Stopped by Robert Esche without a rebound.
12:29 of 3rd period - Ryan O'Reilly wins face-off versus Petteri Wirtanen in Maple Leafs zone.
13:52 of 3rd period - Shot by Adam Taylor.
13:52 of 3rd period - Stopped by Robert Esche without a rebound.
13:53 of 3rd period - Mike Richards wins face-off versus Zach Dalpe in Maple Leafs zone.
13:53 of 3rd period - Justin Braun is hit by Michael Del Zotto and loses puck.
14:16 of 3rd period - Minor Penalty to Oleg Kvasha for Holding.
14:17 of 3rd period - Mike Richards wins face-off versus Nazem Kadri in Maple Leafs zone.
15:26 of 3rd period - Shot by Adam Taylor.
15:26 of 3rd period - Shot Misses the Net.
15:28 of 3rd period - Shot by Justin Braun.
15:28 of 3rd period - Shot Blocked by Michael Del Zotto.
15:30 of 3rd period - Shot by Ryane Clowe.
15:30 of 3rd period - Stopped by Robert Esche without a rebound.
15:31 of 3rd period - Mike Richards wins face-off versus Michael Grabner in Maple Leafs zone.
16:17 of 3rd period - Icing by Ryane Clowe.
16:18 of 3rd period - Zach Dalpe wins face-off versus Nick Spaling in Ducks zone.
17:28 of 3rd period - Pierre-Marc Bouchard is hit by Alexandre R. Picard and loses puck.
17:38 of 3rd period - Minor Penalty to Petteri Wirtanen for Hooking.
17:39 of 3rd period - Ryan O'Reilly wins face-off versus Nick Spaling in Ducks zone.
17:42 of 3rd period - Shot by Brandon Rogers.
17:42 of 3rd period - Shot Misses the Net.
18:13 of 3rd period - Shot by Michael Grabner.
18:13 of 3rd period - Shot Misses the Net.
18:39 of 3rd period - Shot by Tom Walsh.
18:39 of 3rd period - Deflect By Pierre-Marc Bouchard.
18:39 of 3rd period - Shot Misses the Net.
18:41 of 3rd period - Shot by Tom Walsh.
18:41 of 3rd period - Stopped by Jonathan Boutin without a rebound.
18:42 of 3rd period - Pierre-Marc Bouchard wins face-off versus Brooks Laich in Ducks zone.
18:43 of 3rd period - Shot by Michael Del Zotto.
18:43 of 3rd period - Shot Blocked by Brooks Laich.
18:49 of 3rd period - Shot by Nazem Kadri.
18:49 of 3rd period - Stopped by Jonathan Boutin without a rebound.
18:50 of 3rd period - Jiri Hudler wins face-off versus Ryan O'Reilly in Ducks zone.
19:05 of 3rd period - Shot by Michael Grabner.
19:05 of 3rd period - Shot Blocked by Raphael Diaz.
19:07 of 3rd period - Shot by Michael Grabner.
19:07 of 3rd period - Shot Misses the Net.
19:09 of 3rd period - Shot by Michael Grabner.
19:09 of 3rd period - Shot Blocked by Dan Girardi.
19:11 of 3rd period - Shot by Michael Grabner.
19:11 of 3rd period - Stopped by Jonathan Boutin with a rebound.
19:13 of 3rd period - Shot by Michael Del Zotto.
19:13 of 3rd period - Stopped by Jonathan Boutin without a rebound.
19:14 of 3rd period - Pierre-Marc Bouchard wins face-off versus Brooks Laich in Ducks zone.
19:38 of 3rd period - Icing by Roman Josi.
19:39 of 3rd period - Petteri Wirtanen wins face-off versus Ryan O'Reilly in Maple Leafs zone.
19:40 of 3rd period - Ducks, Jonathan Boutin is pulled from the net.
19:44 of 3rd period - Shot by Petteri Wirtanen.
19:44 of 3rd period - Goal by Petteri Wirtanen - Maple Leafs : 4 - Ducks : 4.
19:44 of 3rd period - Jonathan Boutin from Ducks was sent back in the game.
19:45 of 3rd period - Ryan O'Reilly wins face-off versus Ryan Johansen in neutral zone.
Goals for this period are 1 for Maple Leafs vs 1 for Ducks.
Shots for this period are 12 for Maple Leafs vs 6 for Ducks.

Overtime #1


0:01 of 1st overtime period - Pierre-Marc Bouchard wins face-off versus Ryan Johansen in neutral zone.
0:03 of 1st overtime period - Off-side.
0:04 of 1st overtime period - Mike Richards wins face-off versus Pierre-Marc Bouchard in neutral zone.
0:23 of 1st overtime period - Shot by Nick Spaling.
0:23 of 1st overtime period - Shot Misses the Net.
0:43 of 1st overtime period - Shot by Mike Richards.
0:43 of 1st overtime period - Stopped by Robert Esche without a rebound.
0:44 of 1st overtime period - Ryan O'Reilly wins face-off versus Ryan Johansen in Maple Leafs zone.
0:53 of 1st overtime period - Shot by Ryan O'Reilly.
0:53 of 1st overtime period - Goal by Ryan O'Reilly - Maple Leafs : 5 - Ducks : 4.
Goals for this period are 1 for Maple Leafs vs 0 for Ducks.
Shots for this period are 1 for Maple Leafs vs 1 for Ducks.